 Crawl Stoat Soup version 0.22-s0-32-g1ea6a3a26b (console) character file.

819 ceb the Shield-Bearer (level 8, -9/63 HPs)
             Began as a Formicid Fighter on Nov 30, 2019.
             Mangled by an ogre
             ... wielding a +0 giant club
              (27 damage)
             ... on level 4 of the Dungeon.
             The game lasted 00:10:32 (5839 turns).

ceb the Shield-Bearer (Formicid Fighter)            Turns: 5839, Time: 00:10:33

Health: -9/63      AC:  9    Str: 24    XL:     8   Next: 16%
Magic:  8/8        EV:  6    Int:  7    God:
Gold:   153        SH: 15    Dex: 10    Spells: 7/7 levels left

rFire    . . .     SeeInvis +   a - +0 flail
rCold    . . .     Gourm    .   C - +0 large shield
rNeg     . . .     Faith    .   b - +0 scale mail
rPois    .         Spirit   .   (helmet unavailable)
rElec    .         Reflect  .   s - +0 cloak
rCorr    .         Harm     .   y - +0 pair of gloves
MR       .....                  (no boots)
Stlth    ..........             (no amulet)
HPRegen  0.20/turn              (no ring)
MPRegen  0.11/turn              (no ring)

@: no status effects
A: permanent stasis, dig shafts and tunnels, four strong arms, antennae 3
a: Dig, Shaft Self


You were on level 4 of the Dungeon.
You were not hungry.

You visited 1 branch of the dungeon, and saw 4 of its levels.

You collected 250 gold pieces.
You spent 97 gold pieces at shops.

Inventory:

Hand Weapons
 a - a +0 flail (weapon)
 v - a +2 whip of draining
Missiles
 e - 58 stones (quivered)
 B - 3 tomahawks
Armour
 b - a +0 scale mail (worn)
 s - a +0 cloak (worn)
 y - a +0 pair of gloves (worn)
 C - a +0 large shield (worn)
Jewellery
 n - an uncursed ring of wizardry {unknown}
Scrolls
 c - a scroll of enchant armour {unknown}
 g - 4 scrolls of remove curse {unknown}
 h - a scroll of amnesia {unknown}
 j - 2 scrolls of teleportation {unknown}
 k - a scroll of blinking {unknown}
 m - 3 scrolls of identify {unknown}
 q - a scroll of magic mapping {unknown}
 r - a scroll of fog {unknown}
 t - a scroll of random uselessness {unknown}
 x - 2 scrolls of enchant weapon {unknown}
Potions
 d - a potion of might
 i - a potion of cancellation {unknown}
 l - a potion of experience {unknown}
 o - a potion of brilliance {unknown}
 p - a potion of magic {unknown}
 z - 2 potions of degeneration {unknown}
 A - a potion of curing {unknown}
 D - a potion of lignification
Comestibles
 f - 5 bread rations
 u - 5 chunks of flesh


   Skills:
 + Level 5.4 Fighting
 + Level 4.2 Maces & Flails
 + Level 3.4 Throwing
 + Level 5.2 Armour
 + Level 5.9 Shields


You had 7 spell levels left.
You didn't know any spells.
Your spell library was empty.

Dungeon Overview and Level Annotations

Branches:
Dungeon (4/15)
 Temple: D:4-7

Altars:
Elyvilon
Gozag
Qazlal
The Shining One

Shops:
D:4 *


Innate Abilities, Weirdness & Mutations

You cannot be hasted, slowed, berserked, paralysed or teleported.
You can dig through walls and to a lower floor.
Your four strong arms can wield any weapon, usually with a shield.
You have a pair of large antennae on your head. (SInv)


Message History

Your shield prevents you from hitting the ogre.
The ogre hits you with a giant club.
You hit the ogre but do no damage. The ogre barely misses you.
Your shield prevents you from hitting the ogre.
The ogre hits you with a giant club!
You barely miss the ogre. You block the ogre's attack.
You sock the ogre!
The ogre is moderately wounded.
You block the ogre's attack.
You sock the ogre!
The ogre is heavily wounded.
You block the ogre's attack.
You sock the ogre!
The ogre is almost dead.
The ogre hits you with a giant club!!
* * * LOW HITPOINT WARNING * * *
You closely miss the ogre.
The ogre is almost dead.
The ogre hits you with a giant club!!
You die...

####........# #....@.#.##.#####
########.##.#O...#.#...######
#####...........#................
..##..##.######......#.#.........
#.##...##.....##..#.##...........
#.##....##.###.##..........###...
#.##.##..##.###.##..#.....###....
#.##.##...##.....##..............
#.##.##.#..######.##............#
..##.##..........................
..##.#.....######.##.............
#.##.#....##.....##..............
.....)...##.###.##........###....
#.##....##.###.##..........###...
..##...##.....##....>............
#####.##.######.......##.........


You could see an ogre.

Vanquished Creatures
  Grinder (D:3)
  2 scorpions (D:4)
  A hound (D:4)
  6 orc wizards
  2 orc priests
  Crazy Yiuf (D:2)
  A hound skeleton (D:4)
  Robin (D:3)
  6 gnolls
  4 adders
  A shadow imp (D:4)
  2 oozes (D:1)
  A worm (D:2)
  A dart slug (D:1)
  11 leopard geckos
  17 orcs
  11 bats
  6 giant cockroaches
  12 goblins
  11 hobgoblins
  2 jackals (D:3)
  A ball python (D:3)
  10 frilled lizards
  10 kobolds
  4 rats (D:2)
125 creatures vanquished.

Vanquished Creatures (others)
  An orc wizard (D:4)
  A gnoll (D:2)
  A worm (D:2)
  A dart slug (D:2)
  An orc (D:4)
  A frilled lizard (D:2)
6 creatures vanquished.

Grand Total: 131 creatures vanquished

Notes
Turn   | Place    | Note
-------+----------+-------------------------------------------
     0 | D:1      | ceb the Formicid Fighter began the quest for the Orb.
     0 | D:1      | Reached XP level 1. HP: 18/18 MP: 1/1
   130 | D:1      | Reached XP level 2. HP: 22/24 MP: 2/2
   318 | D:1      | Reached XP level 3. HP: 29/29 MP: 3/3
   801 | D:1      | Reached skill level 1 in Throwing
  1328 | D:2      | Found a stormy altar of Qazlal.
  1432 | D:2      | Reached XP level 4. HP: 37/37 MP: 4/4
  1586 | D:2      | Noticed ceb's ghost (weakling MDBe)
  1914 | D:2      | Found a runed door.
  1922 | D:2      | Noticed Crazy Yiuf
  1929 | D:2      | Killed Crazy Yiuf
  1929 | D:2      | Reached XP level 5. HP: 14/42 MP: 5/5
  2435 | D:3      | Noticed Robin
  2828 | D:3      | Killed Robin
  3296 | D:3      | Reached XP level 6. HP: 49/49 MP: 6/6
  3314 | D:3      | Noticed Grinder
  3397 | D:3      | Killed Grinder
  3397 | D:3      | Reached skill level 5 in Shields
  3397 | D:3      | Reached XP level 7. HP: 35/55 MP: 7/7
  4316 | D:3      | Found an opulent altar of Gozag.
  4791 | D:4      | Reached skill level 5 in Fighting
  4971 | D:4      | Noticed hilarita's ghost (amateur TrHu)
  4979 | D:4      | Witnessed revenge of hilarita's ghost on an orc wizard.
  4980 | D:4      | Found a glowing golden altar of the Shining One.
  5264 | D:4      | Reached skill level 5 in Armour
  5392 | D:4      | Reached XP level 8. HP: 59/62 MP: 8/8
  5415 | D:4      | Found Lewnusregot's Luxury Loot.
  5423 | D:4      | Bought a +0 large shield for 58 gold pieces
  5423 | D:4      | Bought a potion of lignification for 39 gold pieces
  5700 | D:4      | Found a white marble altar of Elyvilon.
  5839 | D:4      | Mangled by an ogre

Vault maps used:
D:1:      minmay_arrival_glassed_features
D:2:      grunt_qazlal_clouds, first_bread, uniq_crazy_yiuf_cottage
D:3:      grunt_gozag_breadcrumbs, kennysheep_boxes, uniq_grinder, uniq_robin
D:4:      nicolae_tso_carved_into_rock, kennysheep_little_box,
          nicolae_alphabet_shops, minmay_parallelograms

Skill      XL: |  1  2  3  4  5  6  7 |
---------------+----------------------+-----
Shields        | 4 5 |  5.9
Throwing       | 1 2 3 |  3.4
Fighting       | 4 5 |  5.4
Armour         | 4 5 |  5.2
Maces & Flails | 3 4 |  4.2

Action                   |  1- 3 |  4- 6 |  7- 9 || total
-------------------------+-------+-------+-------++-------
Melee: Flail             |   105 |   195 |   224 ||   524
Throw: Stone             |    41 |    12 |    15 ||    68
  Eat: Chunk             |     2 |     6 |     4 ||    12
       Meat ration       |       |       |     1 ||     1
Armor: Scale mail        |    51 |    87 |    99 ||   237
Dodge: Dodged            |    37 |   114 |    64 ||   215
Block: Shield            |    55 |   141 |   117 ||   313
       Large shield      |       |       |    31 ||    31

Table legend:
 A = Spawn XP
 B = Non-spawn XP
 C = Spawn XP percentage of total XP
 D = Spawn monster count
 E = Non-spawn monster count
 F = Spawn count percentage of total count
 G = Total turns spent on level
                    A         B        C        D         E        F      G
               +---------+---------+-------+---------+---------+-------+---------
         Total |     182 |     988 |  15.6 |      27 |      99 |  21.4 |  5839
               +---------+---------+-------+---------+---------+-------+---------
           D:1 |      12 |      54 |  18.2 |       7 |      22 |  24.1 |  1531
           D:2 |      62 |     120 |  34.1 |      12 |      36 |  25.0 |  2003
           D:3 |      65 |     428 |  13.2 |       7 |      20 |  25.9 |  1066
           D:4 |      43 |     386 |  10.0 |       1 |      21 |   4.5 |  1239
               +---------+---------+-------+---------+---------+-------+---------
